 Dungeon Crawl Stone Soup version 0.25.1-4-g9407a263a5 (webtiles) character file.

Game seed: 18373058012789024713

29979 Erymatos the Severer (level 13, 0/122 HPs)
             Began as a Minotaur Berserker on Nov 25, 2020.
             Was a High Priest of Trog.
             Slain by an eight-headed hydra (2 damage)
             ... on level 4 of the Lair of Beasts.
             The game lasted 00:30:34 (13481 turns).

Erymatos the Severer (Minotaur Berserker)          Turns: 13481, Time: 00:30:36

Health: 0/122      AC: 12    Str: 26    XL:     13   Next: 18%
Magic:  22/22      EV: 16    Int:  4    God:    Trog [*****.]
Gold:   662        SH:  0    Dex: 11    Spells: 12/12 levels left

rFire    . . .     SeeInvis .   s - +1 flail (protect)
rCold    + + .     Gourm    .   (no shield)
rNeg     . . .     Faith    +   N - +1 leather armour "Hahej" {rC++ Regen+ Int-5 Slay+3}
rPois    .         Spirit   .   b - +3 hat of Pondering {ponderous, MR+ MP+10 Int+5}
rElec    .         Reflect  .   u - +1 cloak
rCorr    .         Harm     .   (no gloves)
MR       +....                  M - +0 pair of boots
Stlth    +++.......             J - amulet of faith
HPRegen  0.70/turn              (no ring)
MPRegen  0.18/turn              (no ring)

@: lethally poisoned (0 -> 0), berserk cooldown, slowed, very slow
A: retaliatory headbutt, horns 2
a: Berserk, Trog's Hand, Brothers in Arms, Renounce Religion


You were on level 4 of the Lair of Beasts.
You worshipped Trog.
Trog was extremely pleased with you.
You were near starving.

You visited 2 branches of the dungeon, and saw 14 of its levels.

You collected 662 gold pieces.

Inventory:

Hand Weapons
 o - a +1 hand axe of electrocution
 s - a +1 flail of protection (weapon)
 x - a +0 war axe
Armour
 b - the +3 hat of Pondering (worn) {ponderous, MR+ MP+10 Int+5}
   (You took it off Gastronok on level 9 of the Dungeon)

   It affects your intelligence (+5).
   It affects your resistance to hostile enchantments.
   It affects your magic capacity (+10).
 h - a +2 ring mail of magic resistance
 u - a +1 cloak (worn)
 G - a scarf of repulsion
 M - a +0 pair of boots (worn)
 N - the +1 leather armour "Hahej" (worn) {rC++ Regen+ Int-5 Slay+3}
   (You found it on level 1 of the Lair of Beasts)

   It affects your intelligence (-5).
   It affects your accuracy and damage with ranged weapons and melee attacks
   (+3).
   It greatly protects you from cold.
   It increases your rate of regeneration.
Jewellery
 J - an amulet of faith (around neck)
Wands
 p - a wand of iceblast (30)
 w - a wand of disintegration (17)
 B - a wand of polymorph (18)
 K - a wand of enslavement (6)
Scrolls
 d - 2 scrolls of magic mapping
 e - 6 scrolls of teleportation
 g - a scroll of vulnerability {unknown}
 j - a scroll of enchant weapon {unknown}
 l - 9 scrolls of remove curse
 q - 2 scrolls of immolation
 v - 2 scrolls of amnesia {unknown}
 D - a scroll of fog {unknown}
 F - a scroll of random uselessness {unknown}
 I - 7 scrolls of identify
Potions
 a - 2 potions of ambrosia
 f - 5 potions of curing
 i - 2 potions of magic {unknown}
 k - 4 potions of haste
 m - a potion of cancellation {unknown}
 n - 2 potions of heal wounds
 r - 3 potions of stabbing
 t - 2 potions of flight {unknown}
 A - a potion of lignification {unknown}
 C - a potion of might {unknown}
 E - a potion of mutation {unknown}
 H - a potion of berserk rage {unknown}
 L - a potion of brilliance {unknown}
Comestibles
 c - 27 rations
 z - 2 chunks of flesh


   Skills:
 + Level 13.2 Fighting
 + Level 15.5(15.7) Axes
 + Level 4.4(11.2) Maces & Flails
 + Level 11.5 Armour
 + Level 9.7 Dodging
 + Level 5.4 Stealth


You had 12 spell levels left.
You didn't know any spells.
Your spell library was empty.

Dungeon Overview and Level Annotations

Branches:
Dungeon (10/15)            Temple (0/1) D:6            Lair (4/6) D:10
 Spider (0/4) Lair:3
  Swamp: Lair:2-4    Shoals: Lair:2-4       Orc: D:9-12

Altars:
Dithmenos
Gozag
Uskayaw
Zin

Shops:
D:4 [   D:8 :

Annotations:
D:3 1 runed translucent door, xash's ghost, amateur OpTm
D:4 1 runed translucent door
Lair:3 2 exclusions


Innate Abilities, Weirdness & Mutations

You reflexively headbutt those who attack you in melee.
You have a pair of horns on your head.


Message History

Unknown command.
Your ogre goes berserk!
You are near starving!
A killer bee comes into view.
The black mamba bites you but does no damage.
The eight-headed hydra closely misses you.
You furiously retaliate!
You headbutt the eight-headed hydra!
The eight-headed hydra barely misses you.
The eight-headed hydra bites you.
* * * LOW HITPOINT WARNING * * *
The eight-headed hydra completely misses you.
The eight-headed hydra bites you.
* * * LOW HITPOINT WARNING * * *
The eight-headed hydra closely misses you.
The eight-headed hydra bites you.
* * * LOW HITPOINT WARNING * * *
The eight-headed hydra barely misses you.
The blink frog barely misses you. The black mamba misses you.
The eight-headed hydra misses you. The eight-headed hydra bites you.
You die...

#....###... #....
#.....##... #.....#
#....P##... #..#..#
...#.....##..# .....###
...#....###..# ...#.##
..#......#... #....##
#............ #..F..#
#............ #..D@.#
#............
#.†S..###............
#.O††.#.#.......#.P##
#....y#.#.†)†.#.....####
#.....###.†...#.....#
### #..#y.#
#.....#.....# #..
#.....#
#.....#.....###..
#....##
##...##......P..> ..#.#
##.###..........


You could see an eight-headed hydra, a black mamba, a blink frog, 2 killer bees
and a friendly ogre (summoned, berserk).

Vanquished Creatures
  Gastronok (D:9)
  Snorg (Lair:3)
  The ghost of Efuyg the Tainter, a journeyman DsVM of Vehumet (Lair:3)
  Harold (D:7)
  A hydra (Lair:3)
  A catoblepas (Lair:3)
  A two-headed ogre (D:9)
  7 death yaks
  Pikel (D:8)
  An oklob plant (Lair:1)
  2 elephants (Lair:4)
  A black mamba (Lair:3)
  A torpor snail (Lair:3)
  4 spiny frogs
  Maggie (D:7)
  2 komodo dragons
  3 rime drakes
  A troll (D:9)
  2 meliai (Lair:4)
  Prince Ribbit (D:8)
  Grinder (D:3)
  8 blink frogs
  2 hippogriffs
  Sigmund (D:3)
  A vampire (D:10)
  2 wyverns (D:9)
  12 yaks
  A basilisk (Lair:3)
  Grum (D:9)
  A hungry ghost (D:9)
  Menkaure (D:6)
  Edmund (D:5)
  2 water moccasins (Lair:1)
  6 porcupines
  3 ice beasts
  2 orc warriors
  2 sky beasts (D:8)
  A black bear (D:10)
  A necrophage (D:7)
  4 phantoms
  A slave (D:8)
  7 ogres
  9 wolves
  4 centaurs
  10 crocodiles
  A big kobold (D:10)
  9 bullfrogs
  A wyvern zombie (D:8)
  A wyvern skeleton (D:9)
  2 scorpions
  32 killer bees
  5 wights (D:9)
  2 howler monkeys
  5 crimson imps
  A jelly (D:10)
  A quasit (D:8)
  A bullfrog skeleton (D:5)
  4 centaur skeletons
  2 orc priests
  Crazy Yiuf (D:7)
  A gnoll shaman (D:9)
  Jessica (D:3)
  2 iguanas
  Ijyb (D:3)
  4 orc wizards
  13 worker ants
  A hound skeleton (D:9)
  13 adders
  11 gnolls
  A shadow imp (D:6)
  2 oozes
  3 adder skeletons (D:4)
  An adder zombie (D:7)
  2 worms (D:2)
  7 leopard geckos
  21 orcs
  6 giant cockroaches
  4 hobgoblins
  4 jackals (D:3)
  7 quokkas
  3 ball pythons
  3 bats
  9 frilled lizards
  6 goblins
  A jackal skeleton (D:4)
  11 kobolds
  A leopard gecko zombie (D:6)
  A quokka skeleton (D:6)
  5 rats
  2 fungi
  2 plants
335 creatures vanquished.

Vanquished Creatures (collateral kills)
  A manticore (Lair:4)
  An elephant (Lair:4)
  A spiny frog (Lair:4)
  A hippogriff (Lair:4)
  A water moccasin (Lair:4)
  An orc warrior (D:7)
  A phantom (D:7)
  4 killer bees (Lair:4)
  An adder (D:7)
  An orc (D:7)
13 creatures vanquished.

Vanquished Creatures (others)
  A slave (D:8)
  A fungus (Lair:3)
2 creatures vanquished.

Grand Total: 350 creatures vanquished

Notes
Turn   | Place    | Note
-------+----------+-------------------------------------------
     0 | D:1      | Erymatos the Minotaur Berserker began the quest for the
                  | Orb.
     0 | D:1      | Reached XP level 1. HP: 19/19 MP: 0/0
   246 | D:1      | Reached skill level 4 in Axes
   246 | D:1      | Reached XP level 2. HP: 20/27 MP: 1/1
   447 | D:1      | Reached ** piety under Trog
   978 | D:2      | Reached XP level 3. HP: 33/33 MP: 2/2
  1402 | D:2      | Reached XP level 4. HP: 24/41 MP: 3/3
  1411 | D:2      | Reached skill level 5 in Axes
  2237 | D:3      | Noticed Grinder
  2241 | D:3      | Paralysed by Grinder for 2 turns
  2246 | D:3      | Killed Grinder
  2246 | D:3      | Reached skill level 6 in Axes
  2246 | D:3      | Reached XP level 5. HP: 12/47 MP: 4/4
  2246 | D:3      | Reached XP level 6. HP: 13/53 MP: 5/5
  2534 | D:3      | Noticed xash's ghost (amateur OpTm)
  2537 | D:3      | Found a runed translucent door.
  2713 | D:3      | Noticed Jessica
  2717 | D:3      | Killed Jessica
  2800 | D:3      | Noticed Sigmund
  2831 | D:3      | Killed Sigmund
  2831 | D:3      | Reached skill level 5 in Fighting
  2831 | D:3      | Reached skill level 5 in Armour
  2831 | D:3      | Reached XP level 7. HP: 61/61 MP: 6/6
  3039 | D:3      | Noticed Ijyb
  3067 | D:3      | Killed Ijyb
  3286 | D:3      | Reached *** piety under Trog
  3467 | D:4      | Found a glowing silver altar of Zin.
  3468 | D:4      | Found a runed translucent door.
  3468 | D:4      | Noticed an angel
  3693 | D:4      | Reached skill level 7 in Axes
  3931 | D:4      | Found Erphay's Antique Armour Shoppe.
  3938 | D:4      | Reached skill level 1 in Stealth
  4355 | D:5      | Entered Level 5 of the Dungeon
  4355 | D:5      | Noticed Edmund
  4368 | D:5      | Killed Edmund
  4475 | D:5      | Reached skill level 8 in Axes
  4475 | D:5      | Reached XP level 8. HP: 70/70 MP: 7/7
  4659 | D:5      | Found an opulent altar of Gozag.
  5383 | D:6      | Reached skill level 9 in Axes
  5659 | D:6      | Found a hide-covered altar of Uskayaw.
  5685 | D:6      | Found a staircase to the Ecumenical Temple.
  5710 | D:6      | Reached **** piety under Trog
  5910 | D:6      | Noticed Menkaure
  5917 | D:6      | Killed Menkaure
  6303 | D:6      | Reached XP level 9. HP: 78/78 MP: 8/8
  6469 | D:7      | Reached skill level 10 in Axes
  6472 | D:7      | Reached skill level 5 in Dodging
  6668 | D:7      | Found a shadowy altar of Dithmenos.
  6735 | D:7      | Noticed Maggie
  6751 | D:7      | Killed Maggie
  6778 | D:7      | Reached skill level 11 in Axes
  6841 | D:7      | Noticed Harold
  6848 | D:7      | Killed Harold
  7051 | D:7      | Found a runed translucent door.
  7052 | D:7      | Noticed Crazy Yiuf
  7148 | D:7      | Reached XP level 10. HP: 88/88 MP: 9/9
  7262 | D:7      | Killed Crazy Yiuf
  7425 | D:8      | Noticed Pikel
  7433 | D:8      | Killed Pikel
  7471 | D:8      | Found Ucsobosy's Book Shoppe.
  7504 | D:8      | Noticed Prince Ribbit
  7515 | D:8      | Killed Prince Ribbit
  7875 | D:8      | Reached skill level 12 in Axes
  8335 | D:9      | Noticed Gastronok
  8347 | D:9      | Killed Gastronok
  8347 | D:9      | Reached skill level 13 in Axes
  8347 | D:9      | Reached XP level 11. HP: 69/97 MP: 10/10
  8652 | D:9      | Reached ***** piety under Trog
  8727 | D:9      | Noticed a two-headed ogre
  8734 | D:9      | Killed a two-headed ogre
  8734 | D:9      | Reached skill level 10 in Armour
  8849 | D:9      | Noticed Grum
  8855 | D:9      | Received a gift from Trog
  8864 | D:9      | Killed Grum
  8864 | D:9      | Reached skill level 10 in Fighting
  9129 | D:10     | Entered Level 10 of the Dungeon
  9708 | D:10     | Noticed a death yak
  9708 | D:10     | Noticed a death yak
  9710 | D:10     | Found a staircase to the Lair.
  9716 | D:10     | Noticed a death yak
  9716 | D:10     | Noticed a death yak
  9717 | D:10     | Noticed a death yak
  9722 | D:10     | Killed a death yak
  9725 | D:10     | Killed a death yak
  9731 | D:10     | Killed a death yak
  9731 | D:10     | Reached skill level 14 in Axes
  9735 | D:10     | Killed a death yak
  9742 | D:10     | Killed a death yak
 10484 | Lair:1   | Entered Level 1 of the Lair of Beasts
 10880 | Lair:1   | Reached XP level 12. HP: 110/110 MP: 11/11
 10954 | Lair:1   | Got a scorched leather armour
 10965 | Lair:1   | Identified the +1 leather armour "Hahej" {rC++ Regen+ Int-5
                  | Slay+3} (You found it on level 1 of the Lair of Beasts)
 11640 | Lair:2   | You fall into a shaft and drop 1 floor!
 11685 | Lair:3   | Found a hole to the Spider Nest.
 11686 | Lair:3   | Noticed Snorg
 11698 | Lair:3   | Killed Snorg
 11874 | Lair:3   | Reached skill level 15 in Axes
 11995 | Lair:3   | Found a large runed translucent door.
 11996 | Lair:3   | Found a large runed translucent door.
 12014 | Lair:3   | Noticed Efuyg's ghost (journeyman DsVM)
 12040 | Lair:3   | Noticed a death yak
 12040 | Lair:3   | Noticed a death yak
 12046 | Lair:3   | Killed a death yak
 12052 | Lair:3   | Killed a death yak
 12093 | Lair:3   | Noticed a seven-headed hydra
 12107 | Lair:3   | Killed a seven-headed hydra
 12194 | Lair:3   | Noticed a catoblepas
 12221 | Lair:3   | Killed a catoblepas
 12221 | Lair:3   | Reached skill level 1 in Maces & Flails
 12249 | Lair:3   | Reached skill level 5 in Stealth
 12823 | Lair:3   | Killed Efuyg's ghost
 13332 | Lair:4   | Reached XP level 13. HP: 104/119 MP: 12/12
 13423 | Lair:4   | Received a gift from Trog
 13481 | Lair:4   | HP: 2/122 [eight-headed hydra (5)]
 13481 | Lair:4   | Slain by an eight-headed hydra

Illustrated notes

Levels and vault maps discovered:
D:1:      onia_arrival_pentagram, layout_basic, minmay_lizard_king
D:2:      layout_basic, chequers_garden
D:3:      layout_basic, hellmonk_ghost_happy_afterlife, uniq_ijyb, uniq_jessica,
          uniq_grinder, uniq_sigmund
D:4:      layout_gridville, serial_shops, shop, lemuel_angel_altar
D:5:      layout_layer_cave, first_ration, grunt_gozag_breadcrumbs, uniq_edmund
D:6:      layout_cave_pods, kennysheep_mini_moat, temple_pool_b, uniq_menkaure
D:7:      layout_cave_pools, basic_altar, uniq_harold, uniq_maggie,
          uniq_crazy_yiuf_cottage
D:8:      layout_loops_cross, serial_shops, shop, grunt_pizzeria,
          uniq_prince_ribbit1, uniq_pikel
D:9:      layout_roguey, uniq_gastronok, uniq_grum
D:10:     layout_layer_cave, dpeg_lair_monsters
Lair:1:   layout_loops_ring, minmay_lair_oklob_chamber, lemuel_fruit_fields,
          grunt_megastairs_1, lemuel_fruit_tree
Lair:2:   layout_concentric_octagons, minmay_shoals_entry_centaurs
Lair:3:   layout_small_grid, dummy_spider_entry, ebering_ghost_disaster_area,
          minivault_11, serial_bayou_shore_a, uniq_snorg
Lair:4:   regret_index_combs_of_tragedy, layout_regular_city

Skill      XL: |  1  2  3  4  5  6  7  8  9 10 11 12 13 |
---------------+----------------------------------------+-----
Axes           | 4 6 8 9 11 13 14 15 | 15.5
Fighting       | 4 5 6 8 9 11 12 13 | 13.2
Armour         | 3 4 5 6 7 8 9 10 11 | 11.5
Dodging        | 3 4 5 7 8 9 |  9.7
Stealth        | 1 2 3 4 5 |  5.4
Maces & Flails | 3 4 |  4.4

Action                   |  1- 3 |  4- 6 |  7- 9 | 10-12 | 13-15 || total
-------------------------+-------+-------+-------+-------+-------++-------
Melee: Hand axe          |    81 |    69 |   245 |   429 |    48 ||   872
       Headbutt          |    13 |    15 |    54 |   113 |    14 ||   209
       Flail             |       |       |       |    16 |     1 ||    17
Invok: Berserk           |     1 |     2 |     9 |    10 |     1 ||    23
       Trog's Hand       |       |       |     2 |     1 |     1 ||     4
       Brothers in Arms  |       |       |     2 |       |     3 ||     5
  Use: Scroll            |       |       |       |    10 |       ||    10
       Potion            |       |       |       |       |     1 ||     1
 Stab: Sleeping          |       |       |       |     8 |       ||     8
       Distracted        |       |       |       |     1 |       ||     1
  Eat: Chunk             |     1 |     3 |    21 |    26 |     2 ||    53
       Ration            |       |     1 |     1 |     2 |       ||     4
Armor: Animal skin       |     2 |       |       |       |       ||     2
       Ring mail         |    14 |    15 |    77 |    79 |       ||   185
       Leather armour    |       |       |       |    32 |    25 ||    57
Dodge: Dodged            |    58 |    28 |   173 |   208 |    88 ||   555
